 Dungeon Crawl Stone Soup version 0.31-a0-182-gc5ef74bbde (webtiles) character file.

Game seed: 16328597954050839636

690 Pooter the Trooper (level 7, -3/61 HPs)
             Began as a Minotaur Berserker on June 20, 2023.
             Was a Believer of Trog.
             Killed from afar by Ijyb (6 damage)
             ... with a puff of flame
             ... on level 4 of the Dungeon.
             The game lasted 00:10:49 (2540 turns).

Pooter the Trooper (Minotaur Berserker)             Turns: 2540, Time: 00:10:50

Health: -3/61      AC:  8    Str: 23    XL:     7   Next: 36%
Magic:  6/6        EV:  9    Int:  4    God:    Trog [**....]
Gold:   213        SH:  0    Dex: 10    Spells: 6/6 levels left

rFire   . . .        a - +0 dire flail
rCold   . . .        (shield currently unavailable)
rNeg    . . .        g - +0 chain mail
rPois   .            (helmet restricted)
rElec   .            (no cloak)
rCorr   .            (no gloves)
SInv    .            (no boots)
Will    .....        (no amulet) Stlth
                     m - ring of flight
HPRegen 0.30/turn    (no ring)
MPRegen 0.10/turn

%: no passive effects
@: on berserk cooldown, flying, slowed, very slow
A: horns 2, retaliatory headbutt
a: Renounce Religion, Berserk, Trog's Hand


You were on level 4 of the Dungeon.
You worshipped Trog.
Trog was pleased with you.
You visited 1 branch of the dungeon, and saw 4 of its levels.

You collected 213 gold pieces.

Inventory:

Hand Weapons
 a - a +0 dire flail (weapon)
   (You found it on level 1 of the Dungeon)
 b - a +0 sling
   (You took it off a goblin on level 3 of the Dungeon)
 e - a +0 hand axe
Missiles
 d - 5 poisoned darts (quivered)
 i - 3 javelins
 Q - 23 stones
Armour
 g - a +0 chain mail (worn)
   (You took it off Terence on level 2 of the Dungeon)
Jewellery
 m - a ring of flight (left hand)
   (You found it on level 2 of the Dungeon)
Wands
 f - a wand of flame (25)
   (You found it on level 4 of the Dungeon)
 p - a wand of polymorph (10)
   (You found it on level 3 of the Dungeon)
 u - a wand of paralysis (8)
   (You found it on level 2 of the Dungeon)
Scrolls
 h - a scroll of revelation
 j - a scroll of fog
 k - a scroll of noise {!r}
 o - a scroll of brand weapon
 q - a scroll of vulnerability {!r}
Potions
 c - 5 potions of curing {@q1}
 l - a potion of brilliance {unknown}
 n - 2 potions of degeneration {unknown}
 r - a potion of resistance {unknown}


   Skills:
 + Level 5.6 Fighting
 - Level 4.1(5.5) Axes
 * Level 5.5(6.2) Maces & Flails
 * Level 3.5 Ranged Weapons
 - Level 2.4 Armour
 - Level 2.1 Dodging
 - Level 3.1 Stealth


You had 6 spell levels left.
You didn't know any spells.
Your spell library was empty.

Dungeon Overview and Level Annotations

Branches:
Dungeon (4/15)
 Temple: D:4-7

Altars:
Makhleb

Annotations:
D:4 Ijyb


Innate Abilities, Weirdness & Mutations

You have a pair of horns on your head.
You reflexively headbutt those who attack you in melee.


Message History

The lemure barely misses you. You furiously retaliate!
You headbutt the lemure!!
You kill the lemure!
That felt strangely unrewarding.
You miss Pikel.
Unknown command.
You miss Pikel. The lemure hits you.
* * * LOW HITPOINT WARNING * * *
Pikel hits you but does no damage. The lemure barely misses you.
The lemure hits you.
* * * LOW HITPOINT WARNING * * *
You puncture Pikel!
You feel the power of Trog in you as your rage grows.
You kill Pikel!
Trog accepts your kill.
With Pikel's spell broken, his former minions thank you for their freedom.
The lemure departs this earthly plane. x3; Ijyb hits you but does no damage.
Space warps horribly around you!
* * * LOW HITPOINT WARNING * * *
Your Fighting skill increases to level 5!
Your base Maces & Flails skill gained 2 levels and is now at level 5!
Your Ranged Weapons skill gained 3 levels and is now at level 3!
You have reached level 6!
You have reached level 7!
You hit Ijyb. You barely miss Ijyb.
Ijyb zaps a wand.
The puff of flame hits you.
* * * LOW HITPOINT WARNING * * *
You barely miss Ijyb. You hit Ijyb. Ijyb hits you but does no damage.
Space warps around you.
* * * LOW HITPOINT WARNING * * *
You closely miss Ijyb.
Ijyb hits you with a +0 dagger of distortion.
* * * LOW HITPOINT WARNING * * *
You closely miss Ijyb.
You are no longer berserk.
You are exhausted.
You feel yourself slow down.
You hit Ijyb.
Ijyb hits you with a +0 dagger of distortion.
* * * LOW HITPOINT WARNING * * *
Ijyb misses you.
Unknown command.
Press: ? - help, Shift-Dir - straight line, f - Ijyb
Aim: Ijyb, wielding a +0 dagger of distortion, wearing a +0 chain mail and carrying a wand of flame (25) (severely wounded, chance to affect: 57%) Ijyb resists with significant effort.
Ijyb zaps a wand.
The puff of flame hits you.
You die...

........................
................>.......
............................
................?...........
........................K..5
....................$.......
.................§..........
................§..>........
...............)@...........
.................g..<.......
.......................[....
........ ...................
....... ...................
....... ....?..............
........ ...................
........ ..[$...............
........ ...............


You could see Ijyb.

Vanquished Creatures
  Pikel (D:4)
  Sigmund (D:2)
  A lemure (D:4)
  Terence (D:2)
  A gnoll (D:1)
  4 orcs (D:3)
  12 ball pythons
  7 endoplasms
  A giant cockroach (D:2)
  2 goblins
  6 hobgoblins
  A quokka (D:1)
  5 bats
  2 frilled lizards
  6 kobolds
  8 rats
59 creatures vanquished.

Notes
Turn   | Place    | Note
-------+----------+-------------------------------------------
     0 | D:1      | Pooter the Minotaur Berserker began the quest for the Orb.
     0 | D:1      | Reached XP level 1. HP: 19/19 MP: 0/0
    98 | D:1      | Reached XP level 2. HP: 27/27 MP: 1/1
   105 | D:1      | Reached skill level 1 in Stealth
   537 | D:1      | Reached XP level 3. HP: 32/33 MP: 2/2
   827 | D:2      | Noticed Terence
   839 | D:2      | Killed Terence
   839 | D:2      | Reached ** piety under Trog
   840 | D:2      | Reached skill level 1 in Maces & Flails
  1310 | D:2      | Noticed Sigmund
  1316 | D:2      | Killed Sigmund
  1317 | D:2      | Reached XP level 4. HP: 41/41 MP: 3/3
  1317 | D:2      | Reached XP level 5. HP: 47/47 MP: 4/4
  1741 | D:3      | Found a burning altar of Makhleb.
  1741 | D:3      | Noticed a balrug
  2465 | D:4      | Noticed Pikel
  2465 | D:4      | Noticed a lemure
  2465 | D:4      | Noticed Ijyb
  2466 | D:4      | Noticed a lemure
  2505 | D:4      | Noticed a lemure
  2511 | D:4      | Noticed a lemure
  2529 | D:4      | Killed a lemure
  2532 | D:4      | Killed Pikel
  2533 | D:4      | Reached skill level 5 in Fighting
  2533 | D:4      | Reached skill level 5 in Maces & Flails
  2533 | D:4      | Reached XP level 6. HP: 17/56 MP: 5/5
  2533 | D:4      | Reached XP level 7. HP: 19/61 MP: 6/6
  2539 | D:4      | HP: 3/61 [Ijyb/+0 dagger of distortion (2)]
  2540 | D:4      | Killed from afar by Ijyb

Illustrated notes

Levels and vault maps discovered:
D:1:      shiori_arrival_oz, layout_loops_ring
D:2:      layout_basic, uniq_sigmund, uniq_terence
D:3:      layout_basic, makhleb_altar_promises_db, minmay_crystal_water,
          solitary_fountain
D:4:      layout_layer_cave, uniq_pikel, uniq_robin, uniq_ijyb

Skill      XL: |  1  2  3  4  5 |
---------------+----------------+-----
Axes           | 4 |  4.1
Stealth        | 1 3 |  3.1
Fighting       | 4 5 |  5.6
Maces & Flails | 3 5 |  5.5
Ranged Weapons | 3 |  3.5
Armour         | |  2.4
Dodging        | |  2.1

Action                     |  1- 3 |  4- 6 |  7- 9 || total
---------------------------+-------+-------+-------++-------
  Melee: Hand axe          |    11 |       |       ||    11
         Headbutt          |     6 |     5 |       ||    11
         Dire flail        |    55 |    59 |     7 ||   121
   Fire: Sling             |       |     4 |       ||     4
  Throw: Dart              |    17 |       |       ||    17
 Invoke: Berserk           |     1 |     1 |       ||     2
  Evoke: Wand              |       |       |     1 ||     1
    Use: Scroll            |     2 |     5 |       ||     7
 Armour: Animal skin       |     3 |       |       ||     3
         Chain mail        |    10 |    22 |     1 ||    33
  Dodge: Dodged            |    39 |    33 |     1 ||    73

Table legend: (Time is in decaauts)
 A = Elapsed time spent in this place.
 B = Non-inter-level travel time spent in this place.
 C = Inter-level travel time spent in this place.
 D = Time resting spent in this place.
 E = Time spent auto-exploring this place.
 F = Levels seen in this place.
 G = Mean time per level.
                   A        B        C        D        E       F      G
               +--------+--------+--------+--------+--------+-----+--------+
         Total |   2563 |   2484 |     79 |    116 |   1875 |   4 |  640.8 |
       Dungeon |   2563 |   2484 |     79 |    116 |   1875 |   4 |  640.8 |
               +--------+--------+--------+--------+--------+-----+--------+

Top non-repeatable levels by time:
     D:2: 928 daAuts
     D:1: 816 daAuts
     D:3: 762 daAuts
     D:4: 56 daAuts
